 Dungeon Crawl Stone Soup version 0.19.5 (webtiles) character file.

26579 Jerry the Carver (level 12, -5/107 HPs)
             Began as a Demigod Fighter on May 1, 2017.
             Killed from afar by a rime drake (17 damage)
             ... with a flash freeze
             ... in an ice cave.
             The game lasted 00:55:49 (16615 turns).

Jerry the Carver (Demigod Fighter)                 Turns: 16615, Time: 00:55:49

Health: -5/107     AC: 20    Str: 23    XL:     12   Next: 62%
Magic:  15/15      EV: 19    Int: 14    God:
Gold:   794        SH:  0    Dex: 17    Spells: 0 memorised, 11 levels left

rFire  . . .     SeeInvis .     K - +4 scimitar (slice)
rCold  . . .     Gourm    .     k - +0 chain mail
rNeg   . . .     Faith    .     i - +0 buckler
rPois  +         Spirit   .     H - +2 helmet
rElec  .         Reflect  .     z - +2 cloak {rPois}
rCorr  .         Harm     .     q - +0 pair of gloves
MR     +....                    (no boots)
Stlth  ..........               (no amulet)
                                T - +5 ring of evasion
                                m - +6 ring of evasion

@: confused, exhausted, slowed, very slow
A: high mp 1
a: no special abilities


You were in an ice cave.
You were hungry.

You visited 2 branches of the dungeon, and saw 13 of its levels.
You also visited: Sewer and Ice Cave.

You collected 794 gold pieces.

Inventory:

Hand Weapons
 A - a +0 blowgun
 K - a +4 scimitar of slicing (weapon)
 V - the +4 flail "Hydraslayer" {venom, +Inv rF+++ Str-4 Dex-5 SInv, unknown}
   (You found it in an ice cave)

   It poisons the flesh of those it strikes.
   It affects your strength (-4).
   It affects your dexterity (-5).
   It renders you almost immune to fire.
   It lets you see invisible.
   It lets you turn invisible.
Missiles
 B - 100 poisoned needles
Armour
 i - a +0 buckler (worn)
 k - a +0 chain mail (worn)
 q - a +0 pair of gloves (worn)
 z - a +2 cloak of poison resistance (worn)
 H - a +2 helmet (worn)
Jewellery
 m - a +6 ring of evasion (left hand)
 T - a +5 ring of evasion (right hand)
Wands
 b - a wand of enslavement (18/24)
 l - a wand of paralysis (7/24)
 p - a wand of iceblast (9/15)
 r - a wand of hasting (2/9)
 y - a wand of confusion (15/48)
 D - a wand of teleportation (4/9)
 I - a wand of digging (9/24)
 L - a wand of acid (10/15)
 O - a wand of digging (9/24)
 P - a wand of confusion (23/48)
 R - a wand of polymorph (20/24)
Scrolls
 a - 2 scrolls of identify
 d - 5 scrolls of recharging
 n - a scroll of fog
 o - a scroll of amnesia
 u - 5 scrolls of teleportation
 x - 4 scrolls of blinking
 F - 3 scrolls of remove curse
 J - 2 scrolls of immolation
 M - a scroll of fear
Potions
 c - 3 potions of invisibility
 e - a potion of ambrosia
 g - 2 potions of agility
 h - 5 potions of curing
 j - a potion of magic
 s - 2 potions of might
 C - a potion of berserk rage
 G - 3 potions of brilliance
 S - a potion of flight
Books
 Q - a book of Maledictions

   Spells                             Type                      Level
   a - Corona                         Hexes                        1
   b - Ensorcelled Hibernation        Hexes/Ice                    2
   c - Confuse                        Hexes                        3
   d - Tukima's Dance                 Hexes                        3
   e - Dazzling Spray                 Conjuration/Hexes            3
Comestibles
 f - 13 bread rations
 t - a slice of pizza
 v - 3 royal jellies
 w - 6 meat rations
 N - 6 fruits
 U - 22 chunks of flesh
 W - a beef jerky


   Skills:
 + Level 10.3 Fighting
 * Level 13.7 Long Blades
 + Level 10.5 Armour
 - Level 4.9 Shields


You had 11 spell levels left.
You didn't know any spells.

Dungeon Overview and Level Annotations

Branches:
Dungeon (11/15)            Temple (0/1) D:5            Lair (2/6) D:11
 Shoals (0/4) Lair:2        Snake (0/4) Lair:2          Orc (0/2) D:11

Shops:
D:5 =


Innate Abilities, Weirdness & Mutations

You have an increased reservoir of magic. (+10% MP)


Message History

You slash the polar bear!
The polar bear is heavily wounded.
The polar bear barely misses you. x2
The polar bear claws you but does no damage.
You hit the polar bear but do no damage.
The polar bear is heavily wounded.
You block the polar bear's attack. The polar bear misses you.
The polar bear completely misses you.
You slash the polar bear!
The polar bear is severely wounded.
The polar bear barely misses you.
The polar bear claws you but does no damage.
You block the polar bear's attack. The polar bear completely misses you.
You riposte.
You slash the polar bear!
You kill the polar bear!
You are confused.
You feel invigorated. The rime drake breathes ice at you.
The flash freeze hits you!
You die...

≈#≈≈≈##.##
≈≈≈≈≈#..#
##
≈#≈≈##.##
.# ≈≈≈
#.###.#
##.#.##
#....#
##.#.#
###.##
##@# ##)#
#kY# #.##
#.## ##.#
#h# .h#
Y.##


You could see a yak and a rime drake.

Vanquished Creatures
  A frost giant (IceCv)
  The ghost of letownia the Thaumaturge, a journeyman OpTm of Gozag (Lair:1)
  A death yak (IceCv)
  A queen ant (D:11)
  Nergalle (Lair:1)
  The ghost of tschems the Cleaver, a novice HuFi of Qazlal (D:7)
  The ghost of Aleruyeri the Gouger, a novice FeBe of Trog (D:11)
  2 hill giants (D:11)
  An ugly thing (D:10)
  A centaur zombie (D:11)
  2 centaur skeletons
  A spiny frog (Lair:2)
  A gargoyle (D:10)
  2 rime drakes
  2 komodo dragons
  2 two-headed ogres
  13 polar bears (IceCv)
  A hornet (D:10)
  3 hippogriffs
  A vampire (D:11)
  A spriggan (D:9)
  2 wyverns (D:11)
  A wraith (D:11)
  21 yaks
  Grum (D:7)
  A hungry ghost (D:10)
  12 soldier ants (D:11)
  A water moccasin (Lair:2)
  A porcupine (Lair:1)
  4 ice beasts
  5 orc warriors
  A necrophage (D:6)
  2 sky beasts
  A black bear (D:9)
  24 wolves
  3 phantoms
  6 ogres
  10 centaurs
  2 big kobolds
  4 crocodiles
  6 bullfrogs
  2 scorpions
  A water moccasin skeleton (D:8)
  2 troll zombies (D:11)
  13 killer bees
  4 wights (D:11)
  A howler monkey (D:5)
  4 electric eels (D:6)
  7 crimson imps
  5 hounds
  A jelly (D:11)
  9 orc priests
  9 orc wizards
  2 iguanas
  28 worker ants
  A killer bee zombie (D:8)
  6 ogre zombies (D:11)
  A hound zombie (D:6)
  2 hound skeletons
  A howler monkey skeleton (D:8)
  A howler monkey zombie (D:11)
  3 worker ant zombies
  7 gnolls
  15 adders
  2 river rats (Sewer)
  2 shadow imps (D:11)
  6 oozes
  2 adder zombies (D:5)
  3 adder skeletons
  3 worms
  A dart slug (D:1)
  12 leopard geckos
  37 orcs
  A ball python (D:1)
  7 giant cockroaches
  9 goblins
  7 hobgoblins
  16 jackals
  11 kobolds
  3 quokkas
  8 bats
  4 frilled lizards
  5 goblin zombies (D:11)
  A hobgoblin skeleton (D:11)
  A hobgoblin zombie (D:11)
  4 orc skeletons (D:11)
  13 orc zombies (D:11)
  A quokka skeleton (D:5)
  15 rats
  2 fungi (D:11)
449 creatures vanquished.

Vanquished Creatures (others)
  An orc (D:6)
  2 fungi (D:11)
  A plant (D:11)
4 creatures vanquished.

Grand Total: 453 creatures vanquished

Notes
Turn   | Place    | Note
-------+----------+-------------------------------------------
     0 | D:1      | Jerry the Demigod Fighter began the quest for the Orb.
     0 | D:1      | Reached XP level 1. HP: 18/18 MP: 3/3
   146 | D:1      | Reached skill level 2 in Long Blades
   430 | D:1      | Reached XP level 2. HP: 21/25 MP: 4/4
  1096 | D:2      | Reached XP level 3. HP: 29/31 MP: 5/5
  1532 | D:2      | Found a deep blue altar of Sif Muna.
  1533 | D:2      | Found an opulent altar of Gozag.
  1679 | D:2      | Reached skill level 3 in Long Blades
  1679 | D:2      | Reached XP level 4. HP: 38/38 MP: 6/6
  1688 | D:2      | Found a hide-covered altar of Uskayaw.
  1704 | D:2      | Found a sparkling altar of Nemelex Xobeh.
  1968 | D:2      | Found a bloodstained altar of Trog.
  2291 | D:3      | Found a glowing drain.
  2396 | Sewer    | Entered a sewer
  2508 | Sewer    | Reached XP level 5. HP: 44/45 MP: 7/7
  2548 | Sewer    | Reached skill level 4 in Long Blades
  3062 | Sewer    | Gained mutation: You are dopey. (Int -2) [potion of mutation]
  3062 | Sewer    | Gained mutation: You have a pair of small antennae on your head. [potion of mutation]
  3062 | Sewer    | Gained mutation: You tend to lose your temper in combat. [potion of mutation]
  3397 | D:3      | Reached XP level 6. HP: 52/52 MP: 8/8
  4266 | D:4      | Reached skill level 5 in Long Blades
  4594 | D:4      | Reached XP level 7. HP: 53/60 MP: 9/9
  4656 | D:5      | Entered Level 5 of the Dungeon
  4702 | D:5      | Found a snail-covered altar of Cheibriados.
  4783 | D:5      | Found Keregire's Jewellery Boutique.
  4829 | D:5      | Found a staircase to the Ecumenical Temple.
  5162 | D:5      | Reached skill level 6 in Long Blades
  5371 | D:5      | Reached skill level 5 in Fighting
  5410 | D:5      | Lost mutation: You tend to lose your temper in combat. [potion of cure mutation]
  5410 | D:5      | Lost mutation: You have a pair of small antennae on your head. [potion of cure mutation]
  5410 | D:5      | Lost mutation: You are dopey. (Int -2) [potion of cure mutation]
  5769 | D:6      | Reached skill level 5 in Armour
  5854 | D:6      | Reached XP level 8. HP: 46/65 MP: 10/10
  6881 | D:7      | Noticed a hippogriff
  6921 | D:7      | Killed a hippogriff
  6921 | D:7      | Reached skill level 7 in Long Blades
  6955 | D:7      | Found a faded altar of an unknown god.
  6955 | D:7      | Found a faded altar of an unknown god.
  6960 | D:7      | Found a basalt altar of Yredelemnul.
  6962 | D:7      | Found a faded altar of an unknown god.
  6964 | D:7      | Found a faded altar of an unknown god.
  7541 | D:7      | Noticed tschems's ghost (novice HuFi)
  7612 | D:8      | Noticed Grum
  7709 | D:7      | HP: 5/100 [poisoned by Grum]
  7717 | D:7      | Killed Grum
  7718 | D:7      | HP: 5/105 [poisoned by Grum]
  8083 | D:7      | Killed tschems's ghost
  8083 | D:7      | Reached skill level 8 in Long Blades
  8083 | D:7      | Reached XP level 9. HP: 38/75 MP: 11/11
  8728 | D:8      | Found a blossoming altar of Fedhas.
  8740 | D:8      | Reached skill level 9 in Long Blades
  9365 | D:9      | Reached XP level 10. HP: 71/86 MP: 13/13
  9875 | D:10     | Entered Level 10 of the Dungeon
  9905 | D:10     | Found a snail-covered altar of Cheibriados.
 10030 | D:10     | Reached skill level 10 in Long Blades
 12015 | D:11     | Reached skill level 11 in Long Blades
 12074 | D:11     | Reached XP level 11. HP: 77/94 MP: 14/14
 12079 | D:11     | Noticed a queen ant
 12095 | D:11     | Killed a queen ant
 12534 | D:11     | Found a staircase to the Lair.
 12625 | D:11     | Found a staircase to the Orcish Mines.
 13272 | D:11     | Noticed Aleruyeri's ghost (novice FeBe)
 13659 | D:11     | Noticed a hill giant
 13671 | D:11     | Killed a hill giant
 13797 | D:11     | Reached skill level 12 in Long Blades
 14021 | D:11     | Noticed a hill giant
 14028 | D:11     | Killed a hill giant
 14553 | Lair:1   | Entered Level 1 of the Lair of Beasts
 14767 | Lair:1   | Noticed letownia's ghost (journeyman OpTm)
 14842 | D:11     | Killed Aleruyeri's ghost
 14975 | Lair:1   | Killed letownia's ghost
 15184 | Lair:1   | Noticed Nergalle
 15212 | Lair:1   | Killed Nergalle
 15552 | Lair:1   | Reached XP level 12. HP: 105/105 MP: 15/15
 15846 | Lair:2   | Found a staircase to the Snake Pit.
 15938 | Lair:2   | Found a staircase to the Shoals.
 15963 | Lair:2   | Found a frozen archway.
 15973 | IceCv    | Entered an ice cave
 16086 | IceCv    | Got a smoking flail
 16113 | IceCv    | Reached skill level 13 in Long Blades
 16132 | IceCv    | Reached skill level 10 in Armour
 16355 | IceCv    | Reached skill level 10 in Fighting
 16567 | IceCv    | Noticed a frost giant
 16598 | IceCv    | Killed a frost giant
 16609 | IceCv    | HP: 5/106 [polar bear (21)]
 16609 | IceCv    | HP: 2/106 [polar bear (3)]
 16615 | IceCv    | Killed from afar by a rime drake

Skill      XL: |  1  2  3  4  5  6  7  8  9 10 11 12 |
---------------+-------------------------------------+-----
Long Blades    | 2 3 4 5 6 8 9 11 12 13 | 13.7
Armour         | 3 4 5 6 7 8 9 10 | 10.5
Fighting       | 3 4 5 6 7 8 9 10 | 10.3
Shields        | 3 4 |  4.9

Action                   |  1- 3 |  4- 6 |  7- 9 | 10-12 || total
-------------------------+-------+-------+-------+-------++-------
Melee: Long sword        |   121 |   282 |   212 |       ||   615
       Scimitar          |       |       |   157 |   873 ||  1030
 Fire: Blowgun           |       |     1 |       |       ||     1
Evoke: Wand              |       |       |     3 |       ||     3
  Use: Potion            |     1 |     9 |     6 |     5 ||    21
       Scroll            |       |     8 |    15 |     7 ||    30
  Eat: Chunk             |     3 |    10 |    13 |    21 ||    47
       Pizza             |       |       |     1 |     1 ||     2
       Royal jelly       |       |       |     1 |       ||     1
       Beef jerky        |       |       |       |     2 ||     2
Armor: Chain mail        |    91 |   113 |   146 |   310 ||   660
       Skin              |       |       |    21 |       ||    21
Dodge: Dodged            |    85 |   182 |   221 |   463 ||   951
Block: Buckler           |       |       |    61 |   185 ||   246
       Rpst.: Long sword |    37 |    63 |    33 |       ||   133
       Scimitar          |       |       |    25 |   128 ||   153
